 Dungeon Crawl Stone Soup version 0.29-a0-643-ga013cefcf8 (webtiles) character file.

Game seed: 17500372016194242211

136810 blackman the Impaler (level 17, -6/138 (144) HPs)
             Began as a Human Monk on June 19, 2022.
             Was an Elder of Trog.
             Killed from afar by a hellion (25 damage)
             ... with damnation
             ... summoned by a deep elf demonologist
             ... on level 3 of the Elven Halls.
             The game lasted 02:48:19 (44575 turns).

blackman the Impaler (Human Monk)                  Turns: 44575, Time: 02:48:20

HP:   -6/138 (144)  AC: 29    Str: 18    XL:     17   Next: 81%
MP:   17/17         EV:  8    Int: 11    God:    Trog [****..]
Gold: 2310          SH:  5    Dex: 17    Spells: 16/16 levels left

rFire   . . .      SeeInvis .   a - +12 glaive of Prune {vorpal}
rCold   . . .      Faith    .   (shield currently unavailable)
rNeg    + + .      Spirit   .   H - +8 plate armour of Starshine {Stlth+}
rPois   .          Reflect  +   j - +0 helmet
rElec   .          Harm     .   s - +0 cloak
rCorr   .          Rampage  .   z - +1 pair of gloves "Ziwkuwk" {rN+}
Will    +....      Rage     1%  f - +1 pair of boots
Stlth   ..........              y - amulet of reflection
HPRegen 0.33/turn               h - +4 ring of protection
MPRegen 0.15/turn               Z - ring of positive energy

@: corroded, lightly drained
A: talons 1, berserk 1
a: Renounce Religion, Berserk, Trog's Hand, Brothers in Arms


You were on level 3 of the Elven Halls.
You worshipped Trog.
Trog was greatly pleased with you.
You visited 5 branches of the dungeon, and saw 27 of its levels.
You also visited: Ossuary and Bailey.

You collected 2585 gold pieces.
You spent 275 gold pieces at shops.

Inventory:

Hand Weapons
 a - the +12 glaive of Prune (weapon) {vorpal}
   (You found it on level 4 of the Dungeon)

   It inflicts extra damage upon your enemies.
   It halves damage taken while paralysed, petrified or unconscious.
 b - a +0 vorpal fustibalus
 d - a +0 halberd of flaming
Missiles
 g - 199 stones (quivered)
 m - 68 poisoned darts
 Q - 3 datura-tipped darts
 S - 14 curare-tipped darts
 T - 13 atropa-tipped darts
 V - 6 javelins
Armour
 f - a +1 pair of boots (worn)
 j - a +0 helmet (worn)
 s - a +0 cloak (worn)
 z - the +1 pair of gloves "Ziwkuwk" (worn) {rN+}
   (You bought it in a shop on level 2 of the Orcish Mines)

   rN:        It protects you from negative energy.
 H - the +8 plate armour of Starshine (worn) {Stlth+}
   (You found it on level 6 of the Dungeon)

   Stlth:     It makes you more stealthy.
Jewellery
 h - a +4 ring of protection (left hand)
 y - an amulet of reflection (around neck)
 Z - a ring of positive energy (right hand)
Wands
 p - a wand of iceblast (10)
 w - a wand of digging (3)
 U - a wand of light (4)
Scrolls
 e - 3 scrolls of enchant armour
 k - 4 scrolls of immolation
 n - 5 scrolls of identify
 o - 2 scrolls of fear
 r - 3 scrolls of silence
 A - 7 scrolls of magic mapping
 B - 5 scrolls of enchant weapon
 C - 2 scrolls of poison
 D - 8 scrolls of teleportation
 G - a scroll of brand weapon
 J - 2 scrolls of fog
 M - 3 scrolls of vulnerability
Potions
 c - 2 potions of ambrosia
 i - 10 potions of curing
 l - 7 potions of cancellation
 q - 10 potions of flight
 u - a potion of heal wounds
 v - 6 potions of attraction
 F - 2 potions of resistance
 I - 2 potions of brilliance
 K - 4 potions of mutation
 L - a potion of might
 N - 3 potions of haste
 O - 2 potions of magic
 P - a potion of invisibility
 X - 3 potions of lignification
Miscellaneous
 t - a piece from Xom's chessboard (15/15)
 R - a phial of floods
 W - a condenser vane (inert)
 Y - a box of beasts (inert)


   Skills:
 - Level 16.0 Fighting
 - Level 5.4(12.8) Axes
 - Level 17.8(18.1) Polearms
 - Level 15.6 Armour
 - Level 3.0 Dodging
 - Level 2.0 Stealth
 * Level 11.3 Evocations


You had 16 spell levels left.
You didn't know any spells.
Your spell library was empty.

Dungeon Overview and Level Annotations

Branches:
Dungeon (15/15)            Temple (1/1) D:6            Lair (6/6) D:10
  Swamp (0/4) Lair:3       Spider (0/4) Lair:4        Slime (0/5) Lair:5
    Orc (2/2) D:9             Elf (3/3) Orc:2        Vaults (0/5) D:13
Ossuary (visited)          Bailey (visited)
 Depths: D:15

Altars:
Elyvilon
Fedhas
Trog
Xom
Zin
Beogh
Lugonu

Shops:
D:7 *   D:9 *[   D:11 *   Orc:2 :[(*

Portals:
Trove: D:11 (show slimy rune of Zot)

Annotations:
D:9 3 runed translucent doors, DocClef's ghost, novice DrFi
Elf:2 3 runed translucent doors
Elf:3 3 runed translucent doors, trickyswaf's ghost, adept HOFi


Innate Abilities, Weirdness & Mutations

You have sharp toenails.
You tend to lose your temper in combat.


Message History

Unknown command.
You feel much better.
Unknown command.
Okay, then.
Unknown command.
There is an open door here.
Your iron troll goes berserk!
Trog will no longer gift you weapons.
The deep elf sorcerer casts a spell.
The deep elf sorcerer seems to speed up.
You swap places.
Your iron troll barely misses the lost soul.
Your iron troll misses the lost soul.
Your iron troll claws the lost soul!
What are your orders? t - Shout!
Orders for allies: a - Attack new target. r - Retreat! s - Stop attacking. g - Guard the area. f - Follow me.
Anything else - Cancel.
Gang up on whom?
Press: ? - help, Dir - move target, f - deep elf sorcerer
Aim: a deep elf sorcerer, wielding a +0 rapier and wearing a +0 leather armour (fast, inner flame) Attack!
Reach: a) +12 glaive of Prune {vorpal}
Press: ? - help, Dir - move target, f - hellion, p - deep elf sorcerer
Aim: a hellion (summoned, about 22% to evade the +12 glaive of Prune)
You reach to attack!
You closely miss the hellion.
The deep elf sorcerer gestures at you while chanting.
The bolt of acid hits your iron troll!!!
The acid corrodes your iron troll! The hellion gestures at you.
The sphere of damnation explodes!
The damnation engulfs you!!
* * * LOW HITPOINT WARNING * * *
You hear a shout! x2
Your iron troll bites the lost soul!
The lost soul is destroyed!
The lost soul fades away!
The hellion gestures at you.
The sphere of damnation explodes!
The damnation engulfs you!!
You die...

...)≈≈≈≈≈........................
..≈≈≈≈≈≈≈≈≈......................
.≈≈≈#####≈≈≈≈≈≈≈≈≈≈≈≈≈≈≈≈≈≈≈≈≈≈≈≈
.≈≈##...##≈≈≈≈≈≈≈≈≈≈≈≈≈≈≈≈≈≈≈≈≈≈≈
≈≈##.....########################
≈≈#.......'......................
≈≈#.......'......................
≈≈#..^....####'########'########'
≈≈##.....##.....@.'T.....'.......
.≈≈##...##........#2..e..#.......
.≈≈≈##'##.........#.....e#.......
..≈≈#..#...#############..#######
..≈≈#..#...# #≈e# ..≈≈#..'...#
#≈≈# .)≈≈#..#...# #≈≈#
..≈≈#..#'### #*.# ..≈≈#..#...#
#2.#


You could see a deep elf sorcerer (fast, inner flame, ally target), a hellion
(summoned) and a friendly iron troll (summoned, berserk, corroded).

Vanquished Creatures
  Saint Roka (Orc:2)
  Jorgrun (Elf:1)
  2 deep elf sorcerers
  A deep elf elementalist (Elf:2)
  An orc warlord (Orc:2)
  2 deep elf annihilators (Elf:2)
  Nessos (Orc:2)
  Snorg (Lair:6)
  A boulder beetle (D:14)
  The ghost of Roczioh the Covert, a journeyman DsEn of Wu Jian (D:13)
  Harold (D:9)
  3 vault guards (D:13)
  11 hydras
  A death knight (D:14)
  3 two-headed ogres
  Erica (D:9)
  2 centaur warriors (D:13)
  13 dancing weapons
  An orc high priest (Orc:2)
  Sonja (Lair:1)
  17 deep elf knights
  Nergalle (Lair:3)
  Amaemon (Lair:1)
  A goliath frog (Lair:6)
  5 wizards
  10 deep elf archers
  22 deep elf pyromancers
  Pikel (D:8)
  11 orc knights
  17 deep elf zephyrmancers
  2 necromancers (D:13)
  2 ugly things (D:13)
  3 cyclopes (D:13)
  6 orc sorcerers
  2 manticores
  3 oklob plants
  5 black mambas
  A molten gargoyle (Lair:2)
  A water nymph (shapeshifter) (Elf:1)
  An orange demon (Lair:1)
  4 gargoyles
  A cane toad (shapeshifter) (D:13)
  2 unseen horrors
  5 rime drakes
  26 cane toads
  A tengu conjurer (D:14)
  4 komodo dragons
  A freezing wraith (D:14)
  8 trolls
  3 tyrant leeches (Lair:6)
  A hornet (D:9)
  A hornet (shapeshifter) (D:14)
  A polar bear (Lair:1)
  A wolf spider simulacrum (D:14)
  19 blink frogs
  6 dream sheep
  5 jumping spiders (Lair:4)
  5 air elementals
  A vampire (D:8)
  2 fire elementals
  4 water elementals
  3 wyverns
  A hog (shapeshifter) (D:14)
  A wyvern (shapeshifter) (Elf:2)
  3 basilisks
  4 wraiths
  50 yaks
  16 humans (D:13)
  3 redbacks (Lair:4)
  2 steam dragons
  7 vampire mosquitoes
  A swamp worm (Lair:3)
  16 water moccasins
  An acid dragon (D:11)
  29 orc warriors
  2 ice beasts
  2 sky beasts
  2 black bears
  4 ogres
  3 boggarts (D:14)
  15 wolves
  6 centaurs
  3 phantoms
  3 lemures (D:8)
  13 kobold brigands
  5 earth elementals
  A gnoll sergeant (D:11)
  19 bullfrogs
  2 necrophages
  2 scorpions
  12 wights
  8 killer bees
  A howler monkey (D:8)
  9 electric eels
  2 centaur zombies (Ossuary)
  A human zombie (Ossuary)
  5 jellies
  A gnoll shaman (Lair:1)
  9 hounds
  18 orc priests
  Jessica (D:2)
  Ijyb (D:4)
  3 iguanas
  23 orc wizards
  Natasha (twice) (D:3)
  2 mummies (Ossuary)
  5 gnolls (D:11)
  9 adders
  2 shadow imps
  4 white imps
  An ufetubus (D:7)
  6 worms
  A dart slug (D:1)
  57 orcs
  7 endoplasms
  3 giant cockroaches
  13 goblins
  12 hobgoblins
  6 jackals
  30 kobolds
  4 quokkas
  2 bats (D:3)
  2 frilled lizards
  3 goblin zombies (Ossuary)
  A kobold zombie (Ossuary)
  An orc zombie (Ossuary)
  6 rats
  A bush (Lair:6)
755 creatures vanquished.

Vanquished Creatures (collateral kills)
  Rupert (Lair:3)
  A deep elf high priest (Elf:1)
  4 hydras
  A deep elf pyromancer (Elf:1)
  A cyclops (D:12)
  An orc knight (Orc:2)
  An orc sorcerer (Orc:2)
  A troll (Orc:2)
  A wraith (D:12)
  2 acid dragons
  3 orc warriors (Orc:2)
  3 wolves (Lair:3)
  2 orc priests (Orc:2)
  3 orcs (Orc:2)
25 creatures vanquished.

Vanquished Creatures (others)
  2 deep elf knights (Elf:1)
  An orc wizard (Orc:2)
  48 fungi
  106 plants
157 creatures vanquished.

Grand Total: 937 creatures vanquished

Notes
Turn   | Place    | Note
-------+----------+-------------------------------------------
     0 | D:1      | blackman the Human Monk began the quest for the Orb.
     0 | D:1      | Reached XP level 1. HP: 18/18 MP: 1/1
   309 | D:1      | Reached XP level 2. HP: 18/24 MP: 2/2
   832 | D:1      | Found a faded altar of an unknown god.
   865 | D:1      | Prayed at the altar of an unknown god.
   865 | D:1      | Became a worshipper of Trog the Wrathful
   865 | D:1      | Reached * piety under Trog
   865 | D:1      | Reached ** piety under Trog
   905 | D:1      | Reached XP level 3. HP: 24/29 MP: 3/3
  1480 | D:2      | Reached *** piety under Trog
  1656 | D:2      | Noticed Jessica
  1672 | D:2      | Killed Jessica
  1673 | D:2      | Reached skill level 5 in Axes
  1673 | D:2      | Reached XP level 4. HP: 33/35 MP: 4/4
  2612 | D:2      | Identified the +2 robe "Jyt Dodd" {Contam rF- Will+ Dex+6}
  3406 | D:2      | Reached XP level 5. HP: 41/41 MP: 5/5
  4050 | D:3      | Noticed a bullfrog
  4060 | D:3      | Killed a bullfrog
  4061 | D:3      | Reached skill level 2 in Polearms
  4145 | D:3      | Noticed Natasha
  4160 | D:3      | Killed Natasha
  4161 | D:3      | Reached XP level 6. HP: 23/47 MP: 6/6
  4782 | D:3      | Noticed Natasha
  4792 | D:3      | Killed Natasha
  4793 | D:3      | Reached skill level 3 in Polearms
  5024 | D:3      | Gained mutation: Your body sometimes deteriorates upon
                  | taking damage. [mutagenic glow]
  5229 | D:4      | Reached skill level 4 in Polearms
  5301 | D:4      | Found the +12 glaive of Prune {vorpal}
  5505 | D:4      | Noticed Ijyb
  5532 | D:4      | Killed Ijyb
  5794 | D:4      | Noticed a black bear
  5804 | D:4      | Killed a black bear
  5805 | D:4      | Reached skill level 5 in Polearms
  5805 | D:4      | Reached XP level 7. HP: 52/52 MP: 7/7
  6157 | D:5      | Entered Level 5 of the Dungeon
  6342 | D:5      | Reached skill level 6 in Polearms
  6609 | D:5      | Reached XP level 8. HP: 58/58 MP: 8/8
  6702 | D:5      | Reached skill level 7 in Polearms
  7050 | D:6      | Reached **** piety under Trog
  7185 | D:6      | Found a staircase to the Ecumenical Temple.
  7206 | D:6      | Reached skill level 8 in Polearms
  7208 | D:6      | Identified the +8 plate armour of Starshine {Stlth+}
  7571 | D:6      | Reached skill level 9 in Polearms
  7684 | Temple   | Entered the Ecumenical Temple
  7802 | D:7      | Reached XP level 9. HP: 63/63 MP: 9/9
  7990 | D:7      | Reached skill level 10 in Polearms
  8081 | D:7      | Found a sand-covered staircase.
  8086 | D:7      | Found Nuuxt's Lightly-Used Armoury.
  8091 | Ossuary  | Entered an ossuary
  8580 | D:7      | You fall into a shaft and drop 3 floors!
  8580 | D:10     | Entered Level 10 of the Dungeon
  8595 | D:10     | Found a flagged portal.
  8630 | Bailey   | Entered a bailey
  8646 | Bailey   | Reached skill level 11 in Polearms
  8967 | Bailey   | Reached skill level 12 in Polearms
  8967 | Bailey   | Reached XP level 10. HP: 70/70 MP: 10/10
  9300 | Bailey   | Found a burning altar of Makhleb.
  9696 | D:9      | Found a glowing silver altar of Zin.
  9727 | D:9      | Noticed a two-headed ogre
  9741 | D:9      | Killed a two-headed ogre
  9742 | D:9      | Reached skill level 13 in Polearms
  9747 | D:9      | Noticed Harold
  9773 | D:9      | Killed Harold
  9773 | D:9      | Reached ***** piety under Trog
  9808 | D:9      | Found a staircase to the Orcish Mines.
  9997 | D:9      | Found a runed translucent gate.
 10005 | D:9      | Reached skill level 14 in Polearms
 10032 | D:9      | Found a runed translucent gate.
 10036 | D:9      | Noticed DocClef's ghost (novice DrFi)
 10037 | D:9      | Noticed a kobold demonologist
 10038 | D:9      | Found a runed translucent gate.
 10042 | D:9      | Found Uplesurph's General Store.
 10160 | D:9      | Reached skill level 1 in Armour
 10345 | D:9      | Noticed Erica
 10353 | D:9      | Killed Erica
 10354 | D:9      | Reached XP level 11. HP: 68/78 MP: 11/11
 10581 | D:9      | Found Gilgamesh's Dragon-Slaying Spoils.
 10767 | D:8      | Reached skill level 5 in Fighting
 10857 | D:8      | Found a white marble altar of Elyvilon.
 11105 | D:8      | Noticed Pikel
 11119 | D:8      | Killed Pikel
 11120 | D:8      | Reached skill level 5 in Armour
 12288 | D:10     | Noticed a manticore
 12299 | D:10     | Killed a manticore
 12404 | D:10     | Found a staircase to the Lair.
 12654 | D:10     | Received a gift from Trog
 12750 | D:10     | Noticed a two-headed ogre
 12773 | D:10     | Killed a two-headed ogre
 13266 | D:11     | Found Gathras's Mass Market.
 13285 | D:11     | Noticed a six-headed hydra
 13844 | D:11     | Noticed a two-headed ogre
 13864 | D:11     | Killed a two-headed ogre
 13885 | D:11     | Found a portal to a secret trove of treasure.
 13910 | D:11     | Reached XP level 12. HP: 38/92 MP: 12/12
 14143 | D:11     | Killed a six-headed hydra
 15084 | D:12     | Noticed an eight-headed hydra
 15089 | D:12     | Killed an eight-headed hydra
 15327 | D:12     | Noticed an eight-headed hydra
 15342 | D:12     | Killed an eight-headed hydra
 15618 | D:13     | Reached skill level 10 in Fighting
 15644 | D:13     | Noticed a centaur warrior
 15660 | D:13     | Killed a centaur warrior
 15848 | D:13     | Reached skill level 10 in Armour
 15937 | D:13     | Noticed a centaur warrior
 15950 | D:13     | Killed a centaur warrior
 15951 | D:13     | Reached XP level 13. HP: 73/104 MP: 13/13
 16528 | D:13     | Found a gate to the Vaults.
 16528 | D:13     | Noticed a vault guard
 16528 | D:13     | Noticed a vault guard
 16528 | D:13     | Noticed a vault guard
 16552 | D:13     | Killed a vault guard
 16567 | D:13     | Killed a vault guard
 16568 | D:13     | Killed a vault guard
 16962 | D:13     | Noticed Roczioh's ghost (journeyman DsEn)
 16972 | D:13     | Found a runed translucent door.
 17201 | D:13     | Killed Roczioh's ghost
 18256 | D:14     | Noticed a boulder beetle
 18269 | D:14     | Killed a boulder beetle
 18532 | D:14     | Noticed a five-headed hydra
 18536 | D:14     | Killed a five-headed hydra
 19313 | D:14     | Reached XP level 14. HP: 116/116 MP: 14/14
 20025 | D:15     | Entered Level 15 of the Dungeon
 20117 | Lair:1   | Entered Level 1 of the Lair of Beasts
 20117 | Lair:1   | Noticed Sonja
 20330 | Lair:1   | Killed Sonja
 21143 | Lair:1   | Received a gift from Trog
 21291 | Lair:1   | Noticed Amaemon
 21300 | Lair:1   | Killed Amaemon
 23519 | Lair:3   | Noticed Nergalle
 23527 | Lair:3   | Killed Nergalle
 24343 | Lair:3   | Noticed Rupert
 24361 | Lair:3   | Killed Rupert
 25080 | Lair:3   | Found a shimmering altar of Xom.
 25592 | Lair:3   | Reached XP level 15. HP: 90/127 MP: 15/15
 25717 | Lair:3   | Found a staircase to the Swamp.
 26537 | Lair:3   | Reached skill level 15 in Fighting
 26714 | Lair:4   | Found a hole to the Spider Nest.
 27435 | Lair:4   | Reached skill level 15 in Armour
 27961 | Lair:5   | Found a staircase to the Slime Pits.
 28359 | Lair:5   | Lost mutation: Your body sometimes deteriorates upon taking
                  | damage. [potion of mutation]
 28359 | Lair:5   | Gained mutation: You tend to lose your temper in combat.
                  | [potion of mutation]
 28359 | Lair:5   | Gained mutation: You have sharp toenails. [potion of
                  | mutation]
 28867 | Lair:6   | Entered Level 6 of the Lair of Beasts
 29377 | Lair:6   | Noticed Snorg
 29389 | Lair:6   | Killed Snorg
 29962 | Lair:6   | Received a gift from Trog
 31366 | Lair:6   | Identified the +7 plate armour of Sloth {Will++ Str-5}
 32030 | Lair:6   | Found a blossoming altar of Fedhas.
 32187 | Lair:6   | Reached skill level 15 in Polearms
 32408 | Orc:1    | Entered Level 1 of the Orcish Mines
 32602 | Orc:2    | Entered Level 2 of the Orcish Mines
 32831 | Orc:1    | Reached XP level 16. HP: 121/138 MP: 16/16
 33485 | Orc:2    | Noticed Saint Roka
 33647 | Orc:2    | Killed Saint Roka
 33737 | Orc:2    | Reached skill level 16 in Polearms
 33743 | Orc:2    | Found Gunusyje's General Store.
 33957 | Orc:2    | Found Luqoicvum's Book Shop.
 33960 | Orc:2    | Found Ziob Nag's Antique Armour Shop.
 34030 | Orc:2    | Found a staircase to the Elven Halls.
 34033 | Orc:2    | Noticed Nessos
 34052 | Orc:2    | Killed Nessos
 34769 | Orc:2    | Bought a pair of heavily runed gloves for 275 gold pieces
 34769 | Orc:2    | Identified the +1 pair of gloves "Ziwkuwk" {rN+} (You
                  | bought it in a shop on level 2 of the Orcish Mines)
 34831 | Orc:2    | Found Zocos's Antique Weapon Shop.
 35161 | Elf:1    | Entered Level 1 of the Elven Halls
 35278 | Elf:1    | Received a gift from Trog
 35371 | Elf:1    | Identified the +4 war axe "Afawy" {pain, MP+9}
 35592 | Elf:1    | Noticed Jorgrun
 35618 | Elf:1    | Killed Jorgrun
 35619 | Elf:1    | Reached skill level 17 in Polearms
 36673 | Elf:1    | Reached skill level 1 in Evocations
 37096 | Elf:1    | Paralysed by an air elemental for 1 turns
 37345 | Elf:2    | Received a gift from Trog
 37525 | Elf:2    | Paralysed by an air elemental for 1 turns
 38019 | Elf:2    | Paralysed by an air elemental for 1 turns
 38314 | Elf:2    | Reached XP level 17. HP: 93/144 MP: 17/17
 38685 | Elf:2    | Reached skill level 5 in Evocations
 39316 | Elf:2    | HP: 3/144 [something (9)]
 41866 | Elf:2    | Found a runed translucent gate.
 41867 | Elf:2    | Found a runed translucent gate.
 41867 | Elf:2    | Found a runed translucent gate.
 41955 | Elf:3    | Entered Level 3 of the Elven Halls
 42000 | Elf:3    | Paralysed by an air elemental for 1 turns
 42111 | Elf:3    | Paralysed by an air elemental for 1 turns
 42326 | Elf:3    | Paralysed by an air elemental for 1 turns
 42479 | Elf:3    | Received a gift from Trog
 42496 | Elf:3    | Noticed trickyswaf's ghost (adept HOFi)
 42504 | Elf:3    | Found a runed translucent gate.
 42504 | Elf:3    | Found a runed translucent gate.
 42506 | Elf:3    | Found a runed translucent gate.
 42523 | Elf:3    | Paralysed by an orc sorcerer for 2 turns
 42858 | Elf:3    | Paralysed by an air elemental for 1 turns
 42931 | Elf:3    | Reached skill level 10 in Evocations
 43580 | Elf:3    | Found a corrupted altar of Lugonu.
 43641 | Elf:3    | Paralysed by an air elemental for 1 turns
 44575 | Elf:3    | Killed from afar by a hellion

Illustrated notes

Levels and vault maps discovered:
D:1:      wander_arrival_estate, layout_loops_corners,
          chequers_ecumenical_altar_grove, grunt_decor_one_mirror
D:2:      layout_basic, minmay_misc_feat_tower, kennysheep_nub, uniq_jessica
D:3:      layout_basic, minmay_misc_feat_room, uniq_natasha
D:4:      layout_loops_corners, uniq_ijyb
D:5:      layout_loops_ring, minmay_misc_feat_nine_boxes
D:6:      layout_loops_ring, minmay_temple_entry_sparse_star, nzn_random_ring
D:7:      layout_loops_ring, enter_ossuary_1, minmay_shop_damaged
D:8:      layout_basic, nicolae_elyvilon_peaceful_grove, uniq_pikel
D:9:      layout_big_octagon, zin_scriptorium, orc_0_dummy, serial_shops, shop,
          gammafunk_ghost_nasty_kobolds, serial_column_ruins,
          column_ruins_square_large, column_ruins_hut_water,
          column_ruins_grid_3, column_ruins_open_tiny, column_ruins_open_tiny,
          nicolae_shop_dragon_depot, uniq_harold, uniq_erica
D:10:     layout_long_grid, erik_lair_island, enter_bailey_3
D:11:     layout_rooms, enter_trove_0, minmay_shop_mass, nicolae_wwwww
D:12:     layout_rooms, serial_glass, glass_columns_b, glass_columns_c
D:13:     layout_cave_pools, grunt_vaults_entry_tiered,
          hellmonk_ghost_happy_afterlife
D:14:     layout_loops_cross, minivault_11
D:15:     grunt_enter_depths_magical_seal, layout_small_grid,
          serial_park_square2
Temple:   mainiacjoe_temple_big_plus
Lair:1:   layout_layer_cave, dreamdust_gnoll_shepherd, uniq_sonja, uniq_amaemon
Lair:2:   layout_gridlike, lemuel_fruit_tree, infiniplex_staircase_pool
Lair:3:   layout_cave_pods, palyth_hydra_swamp_entry, basic_altar,
          nicolae_quartered_pool_impasse, minmay_hedge_maze,
          serial_bayou_lake_a, uniq_rupert, uniq_nergalle
Lair:4:   layout_regular_city, nicolae_spider_entry_tight_spaces,
          chequers_serial_rivers_micro_c
Lair:5:   layout_gridlike, nicolae_slime_entry_slimehenge
Lair:6:   minmay_lair_end_frog_pond, layout_cave_pods, tgw_fedhas, uniq_snorg
Orc:1:    layout_caves, okawaru_metal_pillars_3
Orc:2:    grunt_orc_cross, layout_caves, uniq_nessos
Elf:1:    layout_geoelf_grid, kennysheep_underground_church,
          grunt_ministairs_12, uniq_jorgrun
Elf:2:    nicolae_elf_blades_crystal_corner, layout_geoelf_diagonals,
          nicolae_elf_blasts_and_bolts, uniq_donald
Elf:3:    elf_hall_gauntlet_wide, layout_geoelf_castle, gammafunk_ghost_split,
          drop_trap, nicolae_elf_theology_debate

Skill      XL: |  1  2  3  4  5  6  7  8  9 10 11 12 13 14 15 16 17 |
---------------+----------------------------------------------------+-----
Axes           | 4 5 |  5.4
Polearms       | 2 5 6 9 12 14 15 17 | 17.8
Armour         | 3 7 10 12 14 15 | 15.6
Fighting       | 4 8 10 12 14 16 | 16.0
Evocations     | 4 11 | 11.3
Dodging        | |  3.0
Stealth        | |  2.0

Action                   |  1- 3 |  4- 6 |  7- 9 | 10-12 | 13-15 | 16-18 || total
-------------------------+-------+-------+-------+-------+-------+-------++-------
Melee: Hand axe          |   103 |    94 |       |       |   100 |       ||   297
       Punch             |     1 |     1 |       |       |     2 |       ||     4
       Halberd           |       |    80 |       |       |     7 |       ||    87
       Glaive            |       |    23 |   180 |   313 |   872 |   591 ||  1979
 Fire: Hunting sling     |     8 |     6 |       |       |       |       ||    14
       Fustibalus        |       |       |     7 |    17 |    23 |    15 ||    62
Throw: Dart              |       |       |     2 |    20 |    17 |     8 ||    47
       Javelin           |       |       |       |    16 |     6 |       ||    22
       Throwing net      |       |       |       |     1 |     4 |       ||     5
       Boomerang         |       |       |       |     1 |       |       ||     1
Invok: Berserk           |     1 |     3 |     4 |     1 |     3 |     6 ||    18
       Brothers in Arms  |       |       |       |     4 |     2 |     4 ||    10
       Trog's Hand       |       |       |       |       |     1 |     1 ||     2
Evoke: Wand              |       |       |       |     4 |    11 |     4 ||    19
       Phial of floods   |       |       |       |       |     1 |     2 ||     3
       Box of beasts     |       |       |       |       |       |     1 ||     1
       Condenser vane    |       |       |       |       |       |     1 ||     1
  Use: Scroll            |       |     3 |     1 |    11 |    17 |     8 ||    40
       Potion            |       |     1 |     1 |     1 |     9 |     5 ||    17
 Stab: Sleeping          |     3 |     9 |       |       |       |       ||    12
       Distracted        |       |       |     1 |       |       |       ||     1
       Invisible         |       |       |       |       |       |     6 ||     6
       Fleeing           |       |       |       |       |       |     1 ||     1
Armor: Robe              |    20 |    46 |       |       |       |       ||    66
       Skin              |       |    21 |     7 |     1 |       |       ||    29
       Scale mail        |       |    18 |    11 |       |       |       ||    29
       Plate armour      |       |       |    63 |   256 |  1034 |   357 ||  1710
Dodge: Dodged            |    65 |    89 |    36 |    67 |   408 |   130 ||   795
Block: Other             |       |       |       |       |    29 |    79 ||   108
       Reflection        |       |       |       |       |       |    11 ||    11

Table legend: (Time is in decaauts)
 A = Elapsed time spent in this place.
 B = Non-inter-level travel time spent in this place.
 C = Inter-level travel time spent in this place.
 D = Time resting spent in this place.
 E = Time spent auto-exploring this place.
 F = Levels seen in this place.
 G = Mean time per level.
                   A        B        C        D        E       F      G
               +--------+--------+--------+--------+--------+-----+--------+
         Total |  44888 |  43000 |   1888 |  16020 |  20479 |  29 | 1547.9 |
       Dungeon |  19535 |  18526 |   1009 |   5001 |  10841 |  15 | 1302.3 |
        Temple |      1 |      1 |      0 |      0 |      0 |   1 |    1.0 |
          Lair |  12139 |  11643 |    496 |   3810 |   6349 |   6 | 2023.2 |
  Orcish Mines |   2767 |   2663 |    104 |   1313 |    884 |   2 | 1383.5 |
   Elven Halls |   9420 |   9143 |    277 |   5381 |   2207 |   3 | 3140.0 |
       Ossuary |    237 |    237 |      0 |      0 |    152 |   1 |  237.0 |
        Bailey |    786 |    786 |      0 |    514 |     45 |   1 |  786.0 |
               +--------+--------+--------+--------+--------+-----+--------+

Top non-repeatable levels by time:
   Elf:1: 5197 daAuts
  Lair:6: 2682 daAuts
    D:13: 2669 daAuts
   Elf:3: 2501 daAuts
  Lair:3: 2371 daAuts
     D:2: 2038 daAuts
  Lair:5: 2008 daAuts
  Lair:2: 2007 daAuts
  Lair:1: 1926 daAuts
    D:14: 1921 daAuts
   Orc:2: 1767 daAuts
   Elf:2: 1720 daAuts
     D:3: 1644 daAuts
     D:1: 1467 daAuts
    D:11: 1395 daAuts
